 Dungeon Crawl Stone Soup version 0.31.0-10-gcf4a605ca0 (webtiles) character file.

Game seed: 16507091956384517326

604 Gadfly the Ducker (level 7, -8/52 HPs)
             Began as a Merfolk Shapeshifter on Jan 26, 2024.
             Was an Initiate of Ru.
             Mangled by an ogre
             ... wielding a +0 giant spiked club
              (27 damage)
             ... on level 6 of the Dungeon.
             The game lasted 00:06:31 (3728 turns).

Gadfly the Ducker (Merfolk Shapeshifter)            Turns: 3728, Time: 00:06:32

Health: -8/52      AC:  3    Str: 15    XL:     7   Next: 42%
Magic:  7/7        EV: 14    Int: 13    God:    Ru [......]
Gold:   92         SH:  0    Dex: 13    Spells: 6/6 levels left

rFire   . .          .
                       - Unarmed
rCold   . . .        (no shield)
rNeg    . . .        a - +1 animal skin
rPois   .            i - melded +0 helmet
rElec   .            (cloak currently unavailable)
rCorr   .            (gloves currently unavailable)
SInv    .            r - melded +0 pair of boots
Will    .....        (no amulet)
Stlth   +            (no ring)
HPRegen 0.28/turn    (no ring)
MPRegen 0.10/turn

%: no passive effects
@: beast-form
A: beast (slay +3), (nimble swimmer 2), mertail, clever 1
a: Begin Untransformation, Renounce Religion


You were on level 6 of the Dungeon.
You worshipped Ru.
Ru was noncommittal.
You were a hulking beast.
You visited 2 branches of the dungeon, and saw 8 of its levels.

You collected 203 gold pieces.
You spent 111 gold pieces at shops.

Inventory:

Hand Weapons
 b - a +4 dagger of freezing
Armour
 a - a +1 animal skin (worn)
 i - a +0 helmet (melded)
 r - a +0 pair of boots (melded)
Talismans
 c - a beast talisman (active)
 d - a flux talisman
 m - a blade talisman
Wands
 f - a wand of roots (4)
 g - a wand of mindburst (14)
Scrolls
 e - a scroll of teleportation
 k - 2 scrolls of enchant armour
 o - a scroll of revelation
 s - a scroll of amnesia {unknown}
 t - a scroll of butterflies {unknown}
Potions
 h - 3 potions of curing
 j - 2 potions of lignification
 l - a potion of might {unknown}
 n - a potion of invisibility {unknown}
 p - a potion of brilliance


   Skills:
 + Level 3.1 Fighting
 * Level 5.4 Dodging
 * Level 5.3 Unarmed Combat
 * Level 3.6 Evocations
 + Level 5.2 Shapeshifting


You had 6 spell levels left.
You didn't know any spells.
Your spell library contained the following spells:

 Spells                   Type           Power      Damage    Failure   Level
 Freeze                   Ice            0%         1d3       30%         1
 Slow                     Hex            0%         N/A       30%         1
 Blink                    Tloc           0%         N/A       43%         2
 Lesser Beckoning         Tloc           0%         N/A       43%         2
 Momentum Strike          Conj/Tloc      0%         3d8       43%         2
 Confusing Touch          Hex            0%         N/A       67%         3
 Sigil of Binding         Hex            0%         N/A       67%         3
 Vampiric Draining        Necr           0%         2d6       67%         3
 Death Channel            Necr           0%         N/A       100%        6
 Sculpt Simulacrum        Ice/Alch       0%         N/A       100%        6
 Haunt                    Necr/Summ      0%         N/A       100%        7


Dungeon Overview and Level Annotations

Branches:
Dungeon (8/15)             Temple (1/1) D:4
   Lair: D:8-11

Altars:
Ashenzari
Cheibriados
Dithmenos
Elyvilon
Gozag
Hepliaklqana
Kikubaaqudgha
Makhleb
Nemelex Xobeh
Okawaru
Ru
Sif Muna
Trog
Wu Jian
Xom
Zin
The Shining One

Shops:
D:1 *   D:3 *

Annotations:
D:6 3 runed translucent doors, Eustachio; Sobieck's ghost, novice NaSh


Innate Abilities, Weirdness & Mutations

You are a hulking beast.
Your limbs bulge with bestial killing power. (Slay +3)
((You are very nimble when in or above water. (Stealth+, EV+, Speed+++)))
Your lower body shifts to a powerful aquatic tail in water.
Your mind is acute. (Int +4, Str/Dex -1)


Message History

Eustachio mumbles some strange words.
You hit the ogre but do no damage.
The ogre hits you with a +0 giant spiked club.
Eustachio gestures wildly while chanting.
Eustachio blinks!
You punch the ogre!
The ogre is moderately wounded.
You completely miss the ogre.
The ogre is moderately wounded.
The ogre hits you with a +0 giant spiked club!
You barely miss the ogre.
The ogre is moderately wounded.
The ogre hits you with a +0 giant spiked club!!
Ouch! That really hurt!
* * * LOW HITPOINT WARNING * * *
You are too injured to fight recklessly!
You are too injured to fight recklessly!
You are too injured to fight recklessly!
You are too injured to fight recklessly!
You are too injured to fight recklessly!
You are too injured to fight recklessly!
You are too injured to fight recklessly!
You are too injured to fight recklessly!
You are too injured to fight recklessly!
You are too injured to fight recklessly!
You are too injured to fight recklessly!
You are too injured to fight recklessly!
You are too injured to fight recklessly!
You are too injured to fight recklessly!
You are too injured to fight recklessly!
You are too injured to fight recklessly!
Unknown command.
You feel much better.
Aiming: Mindburst
Press: ? - help, Shift-Dir - straight line, f - ogre
Aim: an ogre, wielding a +0 giant spiked club (moderately wounded, chance to affect: 78%)
The ogre's mind is blasted!
The ogre hits you with a +0 giant spiked club!!
Ouch! That really hurt!
You die...

######## #......#
#......# #......#
#......#
.#.#.######......#
....5SOh..#......#
##.#5####........#
##.......# ##.######
#.#
.######.#########
.................
#######...########+#
###.###.......


You could see an ogre, a quasit (summoned), an adder and an ufetubus (summoned).

Vanquished Creatures
  An ice beast (D:7)
  A phantom (D:4)
  A bullfrog (D:6)
  A bombardier beetle (D:3)
  A hound (D:6)
  Terence (D:3)
  2 iguanas (D:6)
  2 orc wizards (D:6)
  2 adders (D:3)
  8 gnolls
  2 ribbon worms
  2 dart slugs
  5 orcs
  10 bats
  9 endoplasms
  5 giant cockroaches
  6 goblins
  13 hobgoblins
  5 quokkas
  8 ball pythons
  3 frilled lizards
  6 kobolds
  9 rats
103 creatures vanquished.

Notes
Turn   | Place    | Note
-------+----------+-------------------------------------------
     0 | D:1      | Gadfly the Merfolk Shapeshifter began the quest for the
                  | Orb.
     0 | D:1      | Reached XP level 1. HP: 15/15 MP: 1/1
   157 | D:1      | Reached XP level 2. HP: 21/21 MP: 2/2
   436 | D:1      | Found Huilaoro's General Store.
   442 | D:1      | Bought a potion of curing for 36 gold pieces
   559 | D:1      | Reached skill level 1 in Evocations
   710 | D:1      | Reached XP level 3. HP: 26/26 MP: 3/3
  1109 | D:2      | Found a faded altar of an unknown god.
  1489 | D:2      | Reached XP level 4. HP: 33/33 MP: 4/4
  1797 | D:3      | Noticed Terence
  1807 | D:3      | Killed Terence
  1808 | D:3      | Reached XP level 5. HP: 26/38 MP: 5/5
  2025 | D:3      | Found Needd's General Store.
  2032 | D:3      | Bought a scroll of revelation for 75 gold pieces
  2421 | D:3      | Got the Catalogue of Unholy Glaciation
  2734 | D:4      | Noticed a phantom
  2735 | D:4      | Found a staircase to the Ecumenical Temple.
  2749 | D:4      | Killed a phantom
  2750 | D:4      | Reached XP level 6. HP: 30/46 MP: 6/6
  2753 | Temple   | Found a transporter.
  2753 | Temple   | Found a transporter.
  2753 | Temple   | Found a transporter.
  2753 | Temple   | Found a transporter.
  2753 | Temple   | Entered the Ecumenical Temple
  2824 | Temple   | Became a worshipper of Ru the Awakened
  2851 | D:4      | You fall into a shaft and drop 3 floors!
  2852 | D:7      | Noticed an ice beast
  2863 | D:7      | Killed an ice beast
  2864 | D:7      | Reached skill level 5 in Shapeshifting
  3124 | D:8      | Noticed a two-headed ogre
  3138 | D:7      | Reached skill level 5 in Dodging
  3224 | D:7      | Noticed a sky beast
  3339 | D:7      | Noticed a wyvern
  3350 | D:6      | Found a runed translucent gate.
  3350 | D:6      | Found a runed translucent gate.
  3350 | D:6      | Found a runed translucent gate.
  3350 | D:6      | Noticed Sobieck's ghost (novice NaSh)
  3375 | D:6      | Gained mutation: Your mind is acute. (Int +4, Str/Dex -1)
                  | [potion of mutation]
  3393 | D:6      | Reached skill level 5 in Unarmed Combat
  3393 | D:6      | Reached XP level 7. HP: 27/51 MP: 7/7
  3721 | D:6      | Noticed Eustachio
  3728 | D:6      | Mangled by an ogre

Illustrated notes

Levels and vault maps discovered:
D:1:      sevenhm_arrival_forest_fort_large_4, layout_loops_ring, serial_shops,
          nicolae_shop_pleasant_corner_grove
D:2:      minmay_chambers_of_ones, layout_basic,
          hellmonk_ecumenical_altar_heavens_door, minmay_misc_feat_rows
D:3:      layout_loops_ring, serial_shops, nicolae_shop_getting_attention,
          minmay_fractal_squares_5, uniq_terence
D:4:      layout_cave_pools, kennysheep_mini_moat,
          minmay_temple_entry_junction_2
D:6:      layout_basic, nicolae_yredelemnul_ghost_church, uniq_eustachio
D:7:      layout_cave_pools, nzn_ghost_randoct
D:8:      layout_rooms, lair_entry_dummy, serial_shops,
          nicolae_shop_tiny_waterfront, shop, special_room [special_room_orc],
          nicolae_evil_shop, uniq_jeremiah
Temple:   hellmonk_temple_divided_pantheon

Skill      XL: |  1  2  3  4  5  6  7 |
---------------+----------------------+-----
Dodging        | 3 4 5 |  5.4
Evocations     | 1 2 3 |  3.6
Fighting       | 2 3 |  3.1
Unarmed Combat | 4 5 |  5.3
Shapeshifting  | 5 |  5.2

Action                     |  1- 3 |  4- 6 |  7- 9 || total
---------------------------+-------+-------+-------++-------
  Melee: Unarmed           |   106 |   150 |    27 ||   283
         Punch             |     1 |     6 |       ||     7
         Dagger            |       |    14 |       ||    14
Ability: Begin Untransform |       |     2 |       ||     2
  Evoke: Wand              |       |     2 |     1 ||     3
    Use: Scroll            |     5 |     2 |       ||     7
         Potion            |       |     2 |     1 ||     3
   Stab: Sleeping          |     4 |     1 |       ||     5
 Armour: Animal skin       |    49 |    83 |    16 ||   148
  Dodge: Dodged            |    54 |   103 |    11 ||   168
   Form: Beast             |       |     2 |       ||     2
